 Dungeon Crawl Stone Soup version 0.21-a0-538-gd16b88a (webtiles) character file.

9 theanonym the Skirmisher (level 2, 24/24 HPs)
             Began as a Demonspawn Fighter on Dec 16, 2017.
             Quit the game on level 1 of the Dungeon.
             The game lasted 00:00:25 (391 turns).

theanonym the Skirmisher (Demonspawn Fighter)        Turns: 391, Time: 00:00:26

Health: 24/24      AC:  6    Str: 16    XL:     2   Next: 6%
Magic:  2/2        EV:  6    Int:  9    God:
Gold:   0          SH:  8    Dex: 12    Spells: 1/1 levels left

rFire    . . .     SeeInvis .     - Unarmed
rCold    . . .     Gourm    .   b - +0 shield
rNeg     . . .     Faith    .   a - +0 scale mail {10}
rPois    .         Spirit   +   (no helmet)
rElec    .         Reflect  .   (no cloak)
rCorr    .         Harm     .   (no gloves)
MR       .....                  (no boots)
Stlth    ..........             (no amulet)
HPRegen  0.08/turn              (no ring)
MPRegen  0.08/turn              (no ring)

@: no status effects
A: magic shield
a: no special abilities


Innate Abilities, Weirdness & Mutations

When hurt, damage is shared between your health and your magic reserves.


   Skills:
 + Level 3.1 Fighting
 + Level 2.8 Armour
 + Level 2.8 Shields
 * Level 2.1 Unarmed Combat


You had one spell level left.
You didn't know any spells.

Skill      XL: |  1 |
---------------+----+-----
Unarmed Combat | 2 |  2.1
Fighting       | |  3.1
Armour         | |  2.8
Shields        | |  2.8

Action                   || total
-------------------------++-------
Melee: Unarmed           ||    43
Armor: Scale mail        ||    19
Dodge: Dodged            ||    10
Block: Shield            ||    17

Inventory:

Armour
 a - a +0 scale mail (worn) {10}
 b - a +0 shield (worn)
Potions
 c - 2 potions of might
Comestibles
 d - 2 chunks of flesh
 e - a bread ration


You were on level 1 of the Dungeon.
You were not hungry.

You visited 1 branch of the dungeon, and saw 1 of its levels.

Dungeon Overview and Level Annotations

Branches:
Dungeon (1/15)

Altars:


Message History

You kill the leopard gecko!
No target in view!
No target in view!
No target in view!
No target in view!
You start resting.
Health restored: 18 A bat comes into view.
A bat is nearby!
A bat is nearby!
A bat is nearby!
A bat is nearby!
The bat hits you but does no damage. You block the bat's attack.
You block the bat's attack. The bat hits you but does no damage.
You closely miss the bat. The bat hits you but does no damage.
You block the bat's attack. You block the bat's attack.
The bat hits you but does no damage.
You hit the bat but do no damage. You block the bat's attack.
The bat hits you but does no damage.
You closely miss the bat. You block the bat's attack.
The bat barely misses you. x2
You closely miss the bat. The bat barely misses you. x2
You hit the bat but do no damage. The bat hits you but does no damage.
The bat closely misses you.
You barely miss the bat. The bat hits you but does no damage.
Your shield prevents you from hitting the bat.
The bat hits you but does no damage. The bat hits you but does no damage.
The bat hits you but does no damage. x2
You hit the bat but do no damage. You block the bat's attack.
A bat is nearby!
A bat is nearby!
You closely miss the bat. The bat closely misses you.
You hit the bat.
You kill the bat!
Your Unarmed Combat skill increases to level 2!
No target in view!
No target in view!
No target in view!
You butcher the bat corpse.
d - a chunk of flesh You open the door.
There is an open door here.
A hobgoblin comes into view. It is wielding a club.
The hobgoblin shouts!
A hobgoblin is nearby!
A hobgoblin is nearby!
A hobgoblin is nearby!
The hobgoblin barely misses you.
You hit the hobgoblin but do no damage. You hit the hobgoblin.
The hobgoblin barely misses you.
You hit the hobgoblin but do no damage. You block the hobgoblin's attack.
You hit the hobgoblin. You block the hobgoblin's attack.
You hit the hobgoblin. You block the hobgoblin's attack.
You hit the hobgoblin.
You kill the hobgoblin!
No target in view!
No target in view!
No target in view!
You see here a club.
Found a stone staircase leading down.
A rat comes into view.
A rat is nearby!
A rat is nearby!
Unknown command.
The rat bites you but does no damage.
You hit the rat.
You kill the rat!
No target in view!
No target in view!
No target in view!
A rat comes into view.
A rat is nearby!
A rat is nearby!
A rat is nearby!
You hit the rat.
You kill the rat!
No target in view!
No target in view!
No target in view!
You butcher the rat corpse.
d - 2 chunks of flesh (gained 1)
You see here a rat skeleton. x2
Found a stone staircase leading down.
A leopard gecko comes into view.
The leopard gecko hisses angrily.
A leopard gecko is nearby!
A leopard gecko is nearby!
Your shield and scale mail prevent you from hitting the leopard gecko.
The leopard gecko bites you but does no damage.
You miss the leopard gecko.
The leopard gecko bites you but does no damage.
You hit the leopard gecko.
The leopard gecko bites you but does no damage.
You hit the leopard gecko.
You kill the leopard gecko!
You have reached level 2!
Your demonic ancestry asserts itself...
You feel your magical essence form a protective shroud around your flesh.
Health restored: 24; MP restored: 2

#.......#
#.......#
#.......#
#......÷#########
#................
#.#.....#########
#.#.....# #
.#######.#.....#
#
.......@=#.....#
#
.........#######
.# .........# ..
........>. #.
........### ..
........# .≈
........# .≈
.....#### .≈ .≈


There were no monsters in sight!

Notes
Turn   | Place    | Note
-------+----------+-------------------------------------------
     0 | D:1      | theanonym the Demonspawn Fighter began the quest for the Orb.
     0 | D:1      | Reached XP level 1. HP: 18/18 MP: 1/1
   264 | D:1      | Reached skill level 2 in Unarmed Combat
   390 | D:1      | Gained mutation: When hurt, damage is shared between your health and your magic reserves. [demonic ancestry]
   390 | D:1      | Reached XP level 2. HP: 24/24 MP: 2/2
   391 | D:1      | Quit the game

Vanquished Creatures
  2 leopard geckos (D:1)
  A bat (D:1)
  2 hobgoblins (D:1)
  2 rats (D:1)
7 creatures vanquished.

Table legend:
 A = Turns spent in this place as a percentage of turns spent in the entire game.
 B = Non-inter-level travel turns spent in this place as a percentage of non-inter-level travel turns spent in the entire game.
 C = Inter-level travel turns spent in this place as a percentage of turns spent in this place.
 D = Turns resting spent in this place as a percentage of non-inter-level travel turns spent in this place.
 E = Turns spent auto-exploring this place as a percentage of non-inter-level travel turns spent in this place.
 F = Non-inter-level travel turns spent in this place divided by the number of levels of this place that you've seen.
                   A       B       C       D       E      F
               +-------+-------+-------+-------+-------+----------------------
         Total | 100.0 | 100.0 |   0.0 |  37.9 |  45.0 | 391.0
       Dungeon | 100.0 | 100.0 |   0.0 |  37.9 |  45.0 | 391.0
               +-------+-------+-------+-------+-------+----------------------
